AoeStats
← Blyad _Mann

Fortress

508946591Analyzed
4v4 RM · 7d ago on Sep 24, 2026· 69m 40s· 8 players
Game mode
Random Map
Map size
Huge
Population
200
Speed
Normal
Resources
Standard
Victory
Conquest
Starting age
Dark Age
Ending age
Imperial Age
RankedLock teamsTeams togetherTeam positionsShared explorationLock speedFull tech treeHidden civsTurbo modeCheats
Victory
Defeat
🇬🇧 Varangians · United Kingdom
1035
+13
🇹🇷 Cumans · Türkiye
992
+14
🇰🇿 Saracens · Kazakhstan
992
+14
🇳🇱 Danes · Netherlands
963
+15
🇬🇷 Danes · Greece
962
-14
🇬🇷 Malay · Greece
955
-14
🇹🇷 Britons · Türkiye
951
-14
🇹🇷 Goths · Türkiye
950
-14
TigerTom90
7:14 Feudal Age
7:45 Arson
8:02 Double-Bit Axe
12:56 Castle Age
12:09 Forging
12:31 Horse Collar
13:09 Scale Mail Armor
13:43 Squires
13:40 Gambesons
15:05 Iron Casting
15:56 Chain Mail Armor
16:18 Gold Mining
19:37 Wheelbarrow
18:48 Loom
20:54 Bow Saw
24:54 Hand Cart
31:28 Imperial Age
33:37 Conscription
33:44 Elite Varangian Guard
37:59 Caravan
38:39 Plate Mail Armor
41:54 Two-Man Saw
42:10 Heavy Plow
43:33 Gothikon
45:38 Crop Rotation
44:58 Town Watch
Blyad _Mann
0:28 Loom
8:39 Feudal Age
10:12 Double-Bit Axe
13:33 Castle Age
11:42 Scale Mail Armor
12:14 Forging
12:45 Stone Mining
12:47 Gold Mining
15:22 Iron Casting
15:06 Chain Mail Armor
19:07 Arson
28:01 Imperial Age
26:20 Squires
27:05 Gambesons
28:56 Wheelbarrow
29:44 Conscription
29:34 Horse Collar
31:40 Man-at-Arms
32:15 Hamask
34:16 Blast Furnace
33:46 Plate Mail Armor
33:52 Plate Mail Armor
32:45 Long Swordsman
33:41 Two-Handed Swordsman
DeSong
1:16 Loom
7:58 Feudal Age
8:39 Horse Collar
13:20 Castle Age
13:37 Double-Bit Axe
20:56 Bow Saw
21:10 Gold Mining
21:55 Stone Mining
22:42 Gold Shaft Mining
22:17 Heavy Plow
24:17 Wheelbarrow
23:27 Town Watch
29:23 Imperial Age
27:15 Scale Barding Armor
27:24 Bloodlines
27:17 Husbandry
27:57 Forging
28:17 Hand Cart
27:47 Town Watch
28:28 Bimaristan
28:36 Caravan
30:27 Conscription
30:23 Counterweights
29:37 Light Cavalry
30:52 Chain Barding Armor
31:08 Iron Casting
30:49 Hussar
34:11 Chemistry
33:28 Padded Archer Armor
34:04 Plate Barding Armor
36:28 Leather Archer Armor
37:05 Elite Mameluke
39:29 Fortified Wall
41:00 Ring Archer Armor
47:02 Blast Furnace
49:33 Siege Engineers
51:49 Parthian Tactics
50:44 Heavy Cavalry Archer
51:20 Fletching
51:53 Ballistics
51:45 Masonry
51:22 Arrowslits
51:35 Murder Holes
53:27 Thumb Ring
53:20 Bodkin Arrow
59:31 Two-Man Saw
58:25 Heavy Camel Rider
59:40 Bracer
59:35 Guard Tower
62:43 Keep
Anarşik
0:53 Loom
8:40 Feudal Age
12:14 Scale Barding Armor
12:20 Forging
12:10 Scale Mail Armor
14:09 Wheelbarrow
13:24 Double-Bit Axe
13:23 Horse Collar
16:23 Bloodlines
16:23 Gold Mining
21:46 Castle Age
22:51 Chain Barding Armor
22:15 Light Cavalry
24:05 Iron Casting
25:44 Bow Saw
26:59 Gold Shaft Mining
27:48 Heavy Plow
32:58 Imperial Age
31:21 Hand Cart
32:59 Cavalier
33:01 Elite Steppe Lancer
34:31 Plate Barding Armor
35:43 Blast Furnace
36:13 Paladin
49:39 Two-Man Saw
49:11 Crop Rotation
66:15 Hussar
gtzilas
7:37 Feudal Age
8:58 Double-Bit Axe
13:39 Castle Age
13:06 Horse Collar
18:05 Wheelbarrow
17:50 Loom
18:07 Town Watch
19:49 Hand Cart
22:27 Fletching
27:55 Murder Holes
29:37 Heavy Plow
30:27 Scale Mail Armor
31:32 Bodkin Arrow
37:42 Imperial Age
34:49 Pikeman
35:58 Chain Mail Armor
38:11 Masonry
38:18 Forging
38:45 Gold Mining
38:45 Stone Mining
38:21 Halberdier
39:02 Squires
38:35 Elite Varangian Guard
39:27 Onager
41:16 Bracer
41:47 Plate Mail Armor
42:41 Conscription
43:04 Heavy Scorpion
44:46 Chemistry
44:06 Ballistics
44:04 Heavy Scorpion
45:17 Bow Saw
52:13 Coinage
58:27 Elite Jomsviking
64:39 Iron Casting
karaokur
0:44 Loom
8:30 Feudal Age
11:37 Wheelbarrow
10:50 Double-Bit Axe
10:48 Horse Collar
14:21 Stone Mining
16:38 Castle Age
16:28 Gold Mining
18:28 Hand Cart
19:34 Heavy Plow
20:02 Town Watch
20:38 Forging
20:20 Fletching
20:31 Padded Archer Armor
22:20 Gold Shaft Mining
24:23 Bow Saw
24:00 Pikeman
24:41 Squires
24:27 Gambesons
28:23 Imperial Age
26:53 Iron Casting
26:19 Scale Mail Armor
29:27 Bodkin Arrow
29:48 Leather Archer Armor
30:33 Blast Furnace
29:49 Chain Mail Armor
31:19 Conscription
31:00 Elite Longbowman
33:01 Chemistry
35:51 Yeomen
36:11 Ballistics
38:23 Two-Man Saw
39:54 Halberdier
48:23 Ring Archer Armor
47:54 Bracer
62:00 Plate Mail Armor
MAD
0:33 Loom
6:43 Feudal Age
7:22 Double-Bit Axe
7:28 Horse Collar
8:28 Wheelbarrow
16:26 Castle Age
14:35 Stone Mining
17:36 Anarchy
17:56 Heavy Plow
18:31 Bow Saw
18:47 Gold Mining
20:25 Squires
20:54 Hand Cart
23:18 Town Watch
29:26 Forging
29:17 Scale Mail Armor
34:04 Iron Casting
48:52 Imperial Age
49:07 Elite Huskarl
51:56 Perfusion
52:06 Caravan
54:47 Conscription
59:34 Blast Furnace
61:38 Heavy Scorpion
64:11 Chemistry
65:35 Fletching
65:46 Padded Archer Armor
Gladiator
3:35 Loom
9:18 Feudal Age
11:05 Horse Collar
14:17 Castle Age
12:23 Double-Bit Axe
14:27 Heavy Plow
15:00 Gold Mining
15:59 Wheelbarrow
17:13 Bow Saw
18:10 Gold Shaft Mining
19:44 Hand Cart
25:06 Imperial Age
23:40 Forging
22:59 Man-at-Arms
23:40 Squires
25:24 Forced Levy
24:55 Long Swordsman
25:57 Two-Handed Swordsman
28:06 Iron Casting
27:50 Stone Mining
29:10 Conscription
30:09 Blast Furnace
28:58 Arson
32:34 Pikeman
37:32 Halberdier
39:25 Onager
46:16 Scale Barding Armor
47:46 Elite Battle Elephant
48:52 Husbandry
49:10 Caravan
50:29 Crop Rotation
56:54 Capped Ram
Connection lost

Rejoining the realm…

Still unreachable

The connection could not be restored.

Session expired

The server has moved on; the page needs a fresh start.